 Dungeon Crawl Stone Soup version 0.19.0-2-gae57169 (webtiles) character file.

49 Patchouli the Magician (level 3, -2/28 HPs)
             Began as a Deep Elf Ice Elementalist on Nov 5, 2016.
             Slain by a worker ant (7 damage)
             ... on level 3 of the Dungeon.
             The game lasted 00:05:27 (1219 turns).

Patchouli the Magician (Deep Elf Ice Elementalist)  Turns: 1219, Time: 00:05:28

Health: -2/28      AC:  8    Str: 10    XL:     3   Next: 51%
Magic:  7/10       EV: 13    Int: 20    God:
Gold:   82         SH:  0    Dex: 15    Spells: 3 memorised, 4 levels left

rFire  . . .     SeeInvis .     p - +0 short sword
rCold  . . .     Gourm    .     a - +0 robe
rNeg   . . .     Faith    .     (no shield)
rPois  .         Spirit   .     (no helmet)
rElec  .         Reflect  .     (no cloak)
rCorr  .         Harm     .     (no gloves)
MR     .....                    (no boots)
Stlth  ..........               (no amulet)
                                (no ring)
                                (no ring)

@: berserking, lethally poisoned (-2 -> -9), icy armour, very quick
A: no striking features
a: no special abilities


You were on level 3 of the Dungeon.
You were not hungry.

You visited 1 branch of the dungeon, and saw 4 of its levels.

You collected 82 gold pieces.

Inventory:

Hand Weapons
 e - a +0 club
 g - a +0 spear
 p - a +0 short sword (weapon)
Armour
 a - a +0 robe (worn)
 i - a +0 chain mail of fire resistance
Scrolls
 h - a scroll of amnesia {unknown}
 m - 3 scrolls of remove curse {unknown}
 n - a scroll of identify {unknown}
 o - a scroll of teleportation {unknown}
Potions
 d - a potion of berserk rage
 f - a potion of cure mutation {unknown}
 j - 2 potions of might {unknown}
 k - a potion of curing {unknown}
Books
 b - a book of Frost

   Spells                             Type                      Level
   a - Freeze                         Ice                          1
   b - Throw Frost                    Conjuration/Ice              2
   c - Ozocubu's Armour               Charms/Ice                   3
   d - Throw Icicle                   Conjuration/Ice              4
   e - Summon Ice Beast               Ice/Summoning                4
Comestibles
 c - a bread ration
 l - a meat ration
 q - a chunk of flesh


   Skills:
 - Level 2.4 Dodging
 - Level 2.4 Stealth
 * Level 4.3 Spellcasting
 + Level 1.4 Conjurations
 + Level 0.4 Charms
 * Level 4.1 Ice Magic


You had 4 spell levels left.
You knew the following spells:

 Your Spells              Type           Power        Failure   Level  Hunger
a - Freeze                Ice            ###.         2%          1    None
b - Throw Frost           Conj/Ice       ###...       10%         2    #......
q - Ozocubu's Armour      Chrm/Ice       ##......     17%         3    ###....


Dungeon Overview and Level Annotations

Branches:
Dungeon (4/15)
 Temple: D:4-7

Altars:


Message History

A film of ice covers your body!
You climb downwards.
The phantom misses you. The worker ant bites you!
You are lethally poisoned!
The worker ant poisons you!
There is a stone staircase leading up here.
You feel sick.
The phantom blinks!
The worker ant bites you.
* * * LOW HITPOINT WARNING * * *
You climb upwards.
* * * LOW HITPOINT WARNING * * *
You feel sick.
There is a stone staircase leading down here.
It was a potion of berserk rage.
A red film seems to cover your vision as you go berserk!
You feel yourself moving faster!
You feel mighty!
* * * LOW HITPOINT WARNING * * *
You feel sick. The worker ant misses you.
You puncture the worker ant!
The worker ant is almost dead.
The worker ant bites you!
You die...

#.######.# #.# #.#
#.# #.# #.# #.#
##### #.#
#.#######
####...###.#
#.......#
.....#.#...#
#######.#
######.#.#########
#.#
...............a@#
#.#
####.#############
#.# .....# #.#
###### #.# #. #.#
#### ##.### #.#
...## #....# #.#
....# #....# #.#
....# #....# #.#


You could see a worker ant.

Vanquished Creatures
  An adder (D:2)
  2 worms (D:3)
  A dart slug (D:1)
  A leopard gecko (D:2)
  An orc (D:3)
  A bat (D:1)
  2 giant cockroaches (D:3)
  2 goblins (D:3)
  3 hobgoblins
  4 jackals (D:3)
  A frilled lizard (D:1)
  4 kobolds
  5 rats
28 creatures vanquished.

Notes
Turn   | Place    | Note
-------+----------+-------------------------------------------
     0 | D:1      | Patchouli the Deep Elf Ice Elementalist began the quest for the Orb.
     0 | D:1      | Reached XP level 1. HP: 10/10 MP: 6/6
   454 | D:1      | Reached XP level 2. HP: 11/15 MP: 5/8
   689 | D:3      | Reached XP level 3. HP: 17/19 MP: 7/10
   746 | D:3      | Learned a level 3 spell: Ozocubu's Armour
   749 | D:3      | Learned a level 2 spell: Throw Frost
  1194 | D:4      | Noticed a phantom
  1219 | D:3      | Slain by a worker ant

Skill      XL: |  1  2  3 |
---------------+----------+-----
Spellcasting   | 4 |  4.3
Ice Magic      | 4 |  4.1
Dodging        | |  2.4
Stealth        | |  2.4
Conjurations   | |  1.4
Charms         | |  0.4

Action                   || total
-------------------------++-------
Melee: Club              ||     5
       Short sword       ||     1
 Cast: Freeze            ||    44
       Ozocubu's Armour  ||     4
  Use: Potion            ||     1
 Stab: Sleeping          ||     4
  Eat: Chunk             ||     1
Armor: Robe              ||    10
Dodge: Dodged            ||    23
